Map: Королевская бухта РВ

Players

Murena

  • Race: Terran Terran
  • Spawn Location: 11:00

ИИ 1 (эксперт) - Winner!

  • Race: Protoss Protoss
  • Spawn Location: 5:00

VOD

Have the link to the VOD?

Description

Time

  • Played on: Feb. 11, 2019, 10:37 a.m.
  • Length: 10:32
Show
View Real Time Build Order
Export as new Build Order

Murena Terran 

Build Orders: Command Center First (CC) 

Get SALT Encoding   

  12  0:00  SCV  
  13  0:13  SCV  
  14  0:21  Supply Depot  
  14  0:25  SCV  
  15  0:44  SCV  
  16  0:57  SCV  
  17  1:02  Command Center  
  17  1:10  SCV  
  18  1:18  Barracks  
  18  1:22  SCV  
  19  1:28  Refinery  
  19  1:35  SCV  
  20  1:44  Barracks  
  20  1:48  SCV  
  21  1:55  Supply Depot  
  21  2:00  SCV  
  22  2:06  Marine  
  23  2:13  Orbital Command  
  23  2:17  SCV  
  24  2:25  Marine  
  25  2:32  Factory  
  25  2:33  Marine  
  25  2:35  SCV  
  27  2:39  SCV  
  27  2:43  Marine  
  29  2:49  SCV  
  30  2:53  SCV, Refinery  
  30  2:55  Marine  
  32  3:02  Orbital Command  
  32  3:07  SCV, Marine  
  34  3:16  Marine  
  34  3:19  Factory Reactor  
  35  3:26  Barracks Reactor  
  34  3:27  SCV  
  34  3:30  SCV  
  36  3:36  Marine  
  36  3:40  SCV  
  38  3:42  SCV  
  39  3:48  Starport  
  39  3:49  Command Center  
  39  3:52  SCV  
  39  3:55  Barracks Tech Lab  
  40  3:56  SCV  
  40  4:02  Hellion x2  
  45  4:06  Marine  
  45  4:07  Supply Depot  
  46  4:13  Bunker  
  46  4:15  Refinery  
  46  4:17  Refinery  
  46  4:19  Engineering Bay  
  46  4:24  Supply Depot  
  46  4:26  Starport Reactor  
  46  4:27  Combat Shield  
  46  4:32  SCV x2  
  46  4:34  Marauder  
  46  4:35  Marine  
  46  4:38  Marine  
  51  4:45  SCV x2  
  54  4:48  Hellion  
  54  4:50  Hellion  
  58  4:54  Terran Infantry Weapons Level 1  
  58  4:58  Missile Turret  
  58  4:59  SCV  
  59  5:03  SCV  
  59  5:04  SCV  
  63  5:07  Marauder  
  63  5:13  Armory  
  63  5:14  SCV  
  64  5:15  Marine  
  64  5:18  Marine  
  66  5:21  Missile Turret  
  66  5:22  SCV  
  66  5:26  Medivac  
  69  5:28  Medivac  
  69  5:30  SCV  
  69  5:32  SCV  
  73  5:37  Supply Depot, Marine  
  73  5:41  Marauder  
  73  5:42  SCV  
  77  5:47  Orbital Command  
  77  5:52  Missile Turret  
  77  6:00  SCV x2, Refinery  
  77  6:02  Marauder  
  77  6:03  Concussive Shells  
  81  6:08  Engineering Bay, Refinery  
  81  6:10  Hellion  
  83  6:12  Medivac  
  83  6:17  Supply Depot  
  85  6:19  Supply Depot  
  85  6:36  Supply Depot  
  85  6:38  Terran Vehicle Weapons Level 1, Command Center  
  85  6:39  Terran Infantry Armor Level 1  
  85  6:40  Marauder  
  85  6:41  Marine  
  85  6:42  SCV  
  85  6:44  SCV  
  85  6:45  SCV  
  91  6:53  Medivac  
  93  6:54  Medivac  
  93  6:56  SCV x2  
  93  7:01  Factory  
  97  7:03  SCV  
  97  7:04  Marine, Factory  
  99  7:09  Marauder, Marine  
  99  7:12  Hellion  
  104  7:16  Supply Depot, SCV  
  104  7:17  SCV  
  104  7:19  SCV  
  107  7:23  Hellion  
  107  7:29  Barracks  
  109  7:33  Supply Depot  
  109  7:37  Supply Depot  
  109  7:41  Barracks  
  109  7:44  Barracks  
  109  7:45  SCV x2  
  109  7:46  SCV, Bunker  
  109  7:48  Factory Tech Lab  
  109  7:49  Factory Tech Lab  
  109  7:51  Terran Infantry Weapons Level 2  
  112  7:53  Marine  
  112  7:54  Marine  
  112  7:57  Medivac  
  116  8:01  Viking  
  116  8:02  SCV  
  116  8:04  SCV  
  121  8:05  SCV  
  121  8:08  Planetary Fortress  
  121  8:16  Thor  
  121  8:18  Supply Depot  
  127  8:24  SCV x3  
  130  8:28  Thor  
  130  8:32  Barracks Tech Lab x2  
  136  8:41  Supply Depot  
  136  8:43  SCV x2  
  136  8:44  SCV  
  139  8:49  Hellion  
  139  8:50  Hellion  
  139  8:53  Supply Depot  
  143  8:58  Thor  
  143  9:01  Factory  
  149  9:12  Thor  
  149  9:15  Supply Depot  
  149  9:16  Command Center  
  155  9:25  Factory  
  155  9:27  SCV x3  
  155  9:28  SCV  
  159  9:32  Supply Depot  
  159  9:33  Hellion  
  159  9:34  Hellion  
  159  9:36  Supply Depot  
  163  9:40  SCV x2  
  163  9:41  SCV x2  
  163  9:42  Thor  
  173  9:46  Supply Depot  
Show
View Real Time Build Order
Export as new Build Order

ИИ 1 (эксперт) Protoss - Winner!

Build Orders: Zealot Archon 

Get SALT Encoding   

  12  0:00  Probe  
  13  0:13  Probe  
  14  0:21  Pylon  
  14  0:25  Probe  
  15  0:35  Probe  
  16  0:43  Probe  
  17  0:50  Assimilator  
  17  0:52  Gateway, Probe  
  18  1:00  Probe  
  18  1:02  Pylon  
  18  1:08  Probe  
  20  1:20  Probe  
  21  1:32  Probe  
  22  1:39  Zealot  
  22  1:44  Probe  
  25  1:50  Nexus  
  25  2:03  Cybernetics Core  
  25  2:04  Probe  
  26  2:16  Probe  
  27  2:29  Pylon, Probe  
  28  2:30  Warp Gate  
  28  2:37  Stalker  
  28  2:41  Probe  
  28  2:43  Gateway  
  31  2:45  Assimilator  
  31  2:53  Probe  
  32  3:00  Adept  
  32  3:03  Pylon, Probe  
  32  3:05  Probe  
  36  3:17  Probe x2  
  38  3:26  Stargate  
  38  3:29  Probe  
  38  3:30  Probe, Adept  
  38  3:34  Adept  
  44  3:41  Probe  
  44  3:42  Probe  
  46  3:53  Probe  
  46  3:54  Probe  
  48  4:00  Adept  
  48  4:02  Stargate, Probe x2  
  52  4:14  Void Ray  
  56  4:18  Zealot, Probe  
  56  4:22  Pylon  
  56  4:23  Probe  
  60  4:31  Pylon  
  60  4:37  Zealot  
  60  4:38  Void Ray  
  62  4:49  Probe  
  62  4:51  Probe  
  68  4:56  Pylon  
  68  5:02  Probe  
  68  5:03  Probe  
  70  5:10  Pylon, Void Ray  
  70  5:13  Gateway  
  74  5:16  Adept  
  74  5:21  Adept  
  78  5:23  Probe  
  79  5:39  Assimilator  
  79  5:41  Assimilator  
  79  5:45  Twilight Council  
  79  6:00  Probe  
  79  6:01  Probe  
  81  6:08  Probe  
  81  6:09  Pylon, Probe  
  81  6:10  Nexus  
  83  6:24  Templar Archives  
  83  6:30  Pylon, Stalker  
  85  6:33  Pylon  
  85  6:34  Stalker  
  85  6:39  Stalker  
  89  6:51  Forge  
  89  6:53  Sentry  
  91  6:54  Forge  
  91  6:55  Gateway  
  91  7:03  Zealot, Stalker  
  95  7:15  High Templar  
  97  7:18  Robotics Facility  
  97  7:21  High Templar  
  97  7:22  Probe x3  
  102  7:29  Stalker  
  104  7:31  Assimilator  
  104  7:34  Archon, Pylon, Probe  
  104  7:35  Assimilator, Probe x2  
  104  7:36  Photon Cannon  
  107  7:37  Stalker  
  109  7:46  Probe  
  109  7:47  Probe  
  109  7:48  Probe  
  109  7:49  High Templar  
  114  7:53  Photon Cannon  
  114  7:56  High Templar  
  114  7:57  Photon Cannon  
  114  7:58  Probe  
  117  7:59  Probe  
  117  8:00  Archon, Probe  
  117  8:05  Pylon  
  119  8:07  Warp Prism, High Templar  
  119  8:08  Photon Cannon  
  119  8:10  Probe x2  
  119  8:11  Probe  
  126  8:16  High Templar  
  126  8:17  Pylon  
  126  8:19  Probe  
  128  8:20  Archon, Probe  
  128  8:22  Probe  
  128  8:24  Gateway  
  128  8:26  High Templar  
  133  8:27  Probe  
  133  8:32  Photon Cannon  
  134  8:35  Photon Cannon, High Templar  
  136  8:42  Stalker, Photon Cannon  
  136  8:43  Observer  
  136  8:46  Pylon  
  136  8:48  Archon  
  139  8:52  High Templar  
  141  9:02  High Templar  
  143  9:07  Sentry, Warp Prism, Photon Cannon  
  143  9:08  Photon Cannon  
  145  9:15  Archon  
  145  9:17  High Templar  
  149  9:18  Pylon  
  149  9:20  Gateway  
  149  9:22  Zealot  
  149  9:24  Nexus  
  151  9:26  High Templar  
  153  9:40  Zealot  
  153  9:41  Pylon  
  155  9:55  Zealot x3  
  155  9:56  Observer  
  155  9:58  Zealot  
  154  10:00  Zealot  
  154  10:03  Pylon  
  132  10:11  Photon Cannon  
  114  10:14  Stalker  
  114  10:15  Zealot x3  
  114  10:18  Zealot  
  114  10:20  Zealot  
Tags
 
Add a new tag
Caveats
  • Supply blocks, unpowered buildings, or Contaminate may cause inaccurate times.
  • Supply counts are checked every 10 seconds.